 Dungeon Crawl Stone Soup version 0.30-a0-373-gd37427bb62 (webtiles) character file.

Game seed: 7847255322883985343

10986 funkygono the Thaumaturge (level 11, -7/72 HPs)
             Began as a Demonspawn Fire Elementalist on Nov 24, 2022.
             Was a Priest of Vehumet.
             Killed from afar by a swamp worm (10 damage)
             ... with a harpoon shot
             ... on level 10 of the Dungeon.
             The game lasted 00:19:01 (11082 turns).

funkygono the Thaumaturge (DsFE)                   Turns: 11082, Time: 00:19:01

Health: -7/72      AC: 17    Str:  8    XL:     11   Next: 43%
Magic:  16/26      EV: 13    Int: 21    God:    Vehumet [***...]
Gold:   638        SH:  0    Dex: 14    Spells: 16/32 levels left

rFire   . . .      SeeInvis +    B - +2 whip (freeze)
rCold   . . .      Faith    .    (no shield)
rNeg    . . .      Spirit   .    D - +0 steam dragon scales
rPois   .          Reflect  .    (no helmet)
rElec   .          Harm     .    (cloak unavailable)
rCorr   .          Rampage  .    (no gloves)
Will    +....                    (no boots)
Stlth   ++........               E - amulet of regeneration
HPRegen 1.12/turn                k - ring of willpower
MPRegen 0.20/turn                L - ring of see invisible

@: lethally poisoned (-7 -> -23), sanguine armoured, slowed, very slow
A: powered by death 2, sanguine armour 3, demonic magic 1, weakness stinger 3
a: Renounce Religion


You were on level 10 of the Dungeon.
You worshipped Vehumet.
Vehumet was most pleased with you.
You visited 2 branches of the dungeon, and saw 11 of its levels.

You collected 638 gold pieces.

Inventory:

Hand Weapons
 d - a +1 mace
 f - a +0 whip
 m - a +0 double sword
 r - a -2 demon whip of venom
 A - a +2 quarterstaff of chaos
 B - a +2 whip of freezing (weapon)
Missiles
 t - 4 throwing nets
Armour
 a - a +0 robe
 h - a +2 leather armour of fire resistance
 v - a +0 troll leather armour
 D - +0 steam dragon scales (worn)
Magical Staves
 n - a staff of poison
 q - a staff of air
Jewellery
 k - a ring of willpower (left hand)
 s - an amulet of the acrobat
 E - an amulet of regeneration (around neck)
 G - a ring of positive energy
 H - a ring of ice
 L - a ring of see invisible (right hand)
Wands
 j - a wand of acid (6)
 o - a wand of charming (8)
 C - a wand of digging (7)
 F - a wand of iceblast (7)
Scrolls
 y - 2 scrolls of fear
 I - a scroll of identify
 J - a scroll of acquirement {unknown}
 K - a scroll of amnesia
Potions
 b - a potion of magic
 c - 5 potions of ambrosia
 e - 3 potions of mutation
 g - 4 potions of heal wounds
 i - a potion of attraction {unknown}
 l - 6 potions of curing
 p - a potion of berserk rage {unknown}
 u - a potion of might
 w - 2 potions of haste
 x - 3 potions of flight
 z - a potion of brilliance


   Skills:
 + Level 2.2 Fighting
 + Level 1.4 Maces & Flails
 + Level 3.3 Dodging
 - Level 1.7 Stealth
 + Level 11.2 Spellcasting
 + Level 7.4 Conjurations
 + Level 10.0 Fire Magic
 + Level 2.0 Ice Magic
 + Level 0.2 Evocations


You had 16 spell levels left.
You knew the following spells:

 Your Spells              Type           Power      Damage    Failure   Level
a - Foxfire               Conj/Fire      100%       2x1d9     1%          1
b - Scorch                Fire           100%       2d10      1%          2
c - Kindle Blastsparks    Fire/Tloc/Air  50%        2d14      1%          3
d - Flame Wave            Conj/Fire      48%        2d12      1%          4
e - Freeze                Ice            80%        1d9       1%          1
f - Sandblast             Erth           22%        2d7       1%          1
g - Airstrike             Air            5%         2d(1-17)  16%         4

Your spell library contained the following spells:

 Spells                   Type           Power      Damage    Failure   Level
 Kiss of Death            Conj/Necr      100%       2d13      1%          1
 Magic Dart               Conj           100%       1d8       1%          1
 Inner Flame              Hex/Fire       32%        N/A       1%          3
 Mephitic Cloud           Conj/Pois/Air  22%        N/A       1%          3
 Beastly Appendage        Tmut           22%        N/A       6%          1
 Ensorcelled Hibernation  Hex/Ice        32%        N/A       6%          2
 Ozocubu's Armour         Ice            20%        N/A       8%          3
 Blink                    Tloc           22%        N/A       9%          2
 Call Imp                 Summ           11%        N/A       9%          2
 Wereblood                Tmut           11%        N/A       9%          2
 Confusing Touch          Hex            11%        N/A       17%         3
 Spider Form              Tmut/Pois      11%        N/A       17%         3
 Tukima's Dance           Hex            11%        N/A       17%         3
 Yara's Violent Unravell  Hex/Tmut       5%         3d4       36%         5
 Anguish                  Hex/Necr       5%         N/A       50%         4
 Dispel Undead            Necr           11%        3d9       50%         4
 Manifold Assault         Tloc           11%        N/A       50%         4
 Passage of Golubria      Tloc           11%        N/A       50%         4
 Petrify                  Tmut/Erth      11%        N/A       50%         4
 Metabolic Englaciation   Hex/Ice        8%         N/A       71%         5
 Ozocubu's Refrigeration  Ice            10%        4d9       99%         7
 Statue Form              Tmut/Erth      7%         N/A       100%        6
 Storm Form               Tmut/Air       5%         N/A       100%        7


Dungeon Overview and Level Annotations

Branches:
Dungeon (10/15)            Temple (1/1) D:4            Lair (0/5) D:9
    Orc (0/2) D:9

Altars:
Ashenzari
Cheibriados
Dithmenos
Fedhas
Gozag
Hepliaklqana
Kikubaaqudgha
Makhleb
Nemelex Xobeh
Okawaru
Qazlal
Ru
Sif Muna
Trog
Uskayaw
Vehumet
Wu Jian
Xom
Yredelemnul
Jiyva

Shops:
D:6 =

Annotations:
D:10 1 transporter


Innate Abilities, Weirdness & Mutations

You regenerate health from kills.
When seriously injured, your blood forms very thick armour. (AC +12)
Spells you cast may paralyse adjacent enemies.
You have a sharp stinger which inflicts weakening toxins.


Message History

Confirm with . or Enter, or press ? or * to list all spells.
You conjure some foxfire!
Malevolent energies surge around you.
The foxfire hits the swamp worm.
The swamp worm is lightly wounded.
The foxfire hits the swamp worm!
The swamp worm is moderately wounded.
Casting: Foxfire (safe; 1% risk of failure)
Confirm with . or Enter, or press ? or * to list all spells.
You conjure some foxfire!
Malevolent energies surge around you.
The foxfire hits the swamp worm but does no damage.
The swamp worm is lightly wounded.
The foxfire hits the swamp worm!
The swamp worm is heavily wounded.
The swamp worm fires a harpoon shot at you.
The harpoon shot hits you.
You are yanked forward by the harpoon shot.
You violently stop moving!
* * * LOW HITPOINT WARNING * * *
The swamp worm fires a harpoon shot at you.
The harpoon shot misses you.
Casting: Foxfire (safe; 1% risk of failure)
Confirm with . or Enter, or press ? or * to list all spells.
Okay, then.
Casting: Foxfire (safe; 1% risk of failure)
Confirm with . or Enter, or press ? or * to list all spells.
Flames lash the swamp worm.
The swamp worm is moderately wounded.
The swamp worm's fire resistance burns away.
Malevolent energies surge around you.
You are engulfed in dark miasma.
You are lethally poisoned!
You feel yourself slow down.
* * * LOW HITPOINT WARNING * * *
x2 You feel extremely sick.
The foxfire hits the swamp worm.
The swamp worm is severely wounded.
The foxfire hits the swamp worm.
The swamp worm is severely wounded.
The swamp worm fires a harpoon shot at you.
The harpoon shot hits you!
You die...

...# #...................#....#
...## #......##................#
##..####.........................
##...##.....#########............
.##.........##w#♣#w##............
###........##§≈≈≈#§≈####.........
...........#.§§PP○PP#[[#.......##
..........©#©§^§^^^☼+?©#©...^....
...........#..§§@PPP#!"#.........
...........##≈≈§#≈≈≈####.........
............#♣#w#w#w#....#......#
..##.....##.#########.#.##.....##
...#.......#.....................
........##....##.....>..##.......
....#[..###...##.........###.....
....#...# ##.............# #.....
.##.#...# #...#.##.....## #.....


You could see 5 swamp worms.

Vanquished Creatures
  A two-headed ogre (D:10)
  Amaemon (D:9)
  2 ugly things
  An orange demon (D:9)
  An unseen horror (D:8)
  A komodo dragon (D:7)
  Maggie (D:10)
  2 kobold demonologists (D:10)
  A troll (D:9)
  Grinder (D:3)
  Prince Ribbit (D:6)
  Sigmund (D:6)
  3 wyverns
  A wraith (D:9)
  4 yaks (D:10)
  Grum (D:9)
  A steam dragon (D:7)
  Menkaure (D:6)
  8 water moccasins
  A black bear (D:9)
  9 orc warriors
  2 sky beasts
  2 wolves (D:9)
  A centaur (D:9)
  3 phantoms
  3 kobold brigands
  Blork the orc (D:5)
  A gnoll sergeant (D:8)
  4 bullfrogs
  A necrophage (D:6)
  2 scorpions (D:9)
  20 killer bees
  A howler monkey (D:9)
  4 crimson imps (D:8)
  Crazy Yiuf (D:6)
  5 jellies
  6 orc priests
  3 hounds
  3 iguanas
  6 orc wizards
  5 gnolls
  4 adders
  A shadow imp (D:6)
  2 white imps
  An ufetubus (D:5)
  2 worms
  A dart slug (D:2)
  37 orcs
  4 ball pythons
  11 endoplasms
  3 giant cockroaches
  5 goblins
  A hobgoblin (D:4)
  2 jackals (D:3)
  9 quokkas
  6 bats
  6 frilled lizards
  22 kobolds
  5 rats
  5 briar patches (D:10)
  6 bushes (D:4)
250 creatures vanquished.

Vanquished Creatures (collateral kills)
  6 foxfires
6 creatures vanquished.

Vanquished Creatures (others)
  2 briar patches (D:10)
  717 foxfires
  39 fungi (D:9)
  74 plants
832 creatures vanquished.

Grand Total: 1088 creatures vanquished

Notes
Turn   | Place    | Note
-------+----------+-------------------------------------------
     0 | D:1      | funkygono the Demonspawn Fire Elementalist began the quest
                  | for the Orb.
     0 | D:1      | Reached XP level 1. HP: 13/13 MP: 3/3
   279 | D:1      | Gained mutation: Spells you cast may paralyse adjacent
                  | enemies. [demonic ancestry]
   279 | D:1      | Reached XP level 2. HP: 19/19 MP: 3/5
   282 | D:1      | Learned a level 2 spell: Scorch
   312 | D:1      | Found a faded altar of an unknown god.
  1202 | D:2      | Gained mutation: You have a small tail. [demonic ancestry]
  1202 | D:2      | Reached XP level 3. HP: 21/24 MP: 0/6
  2294 | D:3      | Gained mutation: You regenerate a little health from kills.
                  | [demonic ancestry]
  2294 | D:3      | Reached XP level 4. HP: 30/30 MP: 5/8
  2359 | D:3      | Found an ancient bone altar of Kikubaaqudgha.
  2530 | D:3      | Noticed Grinder
  2537 | D:3      | Killed Grinder
  2538 | D:3      | Reached skill level 3 in Spellcasting
  2538 | D:3      | Gained mutation: When seriously injured, your blood forms
                  | armour. (AC +12) [demonic ancestry]
  2538 | D:3      | Reached XP level 5. HP: 23/36 MP: 1/10
  2538 | D:3      | Gained mutation: You regenerate health from kills. [demonic
                  | ancestry]
  2538 | D:3      | Reached XP level 6. HP: 27/42 MP: 1/11
  2768 | D:4      | Reached skill level 1 in Maces & Flails
  2768 | D:4      | Reached skill level 4 in Spellcasting
  3043 | D:4      | Found a staircase to the Ecumenical Temple.
  3052 | Temple   | Entered the Ecumenical Temple
  3059 | Temple   | Became a worshipper of Vehumet
  3351 | D:4      | Learned a level 3 spell: Kindle Blastsparks
  3356 | D:4      | Learned a level 4 spell: Flame Wave
  4110 | D:5      | Entered Level 5 of the Dungeon
  4538 | D:5      | Noticed Blork the orc
  4558 | D:5      | Killed Blork the orc
  4559 | D:5      | Gained mutation: When seriously injured, your blood forms
                  | thick armour. (AC +12) [demonic ancestry]
  4559 | D:5      | Reached XP level 7. HP: 47/47 MP: 5/13
  4872 | D:5      | Reached skill level 5 in Fire Magic
  5154 | D:6      | Found a bloodstained altar of Trog.
  5228 | D:6      | Reached skill level 5 in Spellcasting
  5320 | D:6      | Found Oleczur's Jewellery Boutique.
  5358 | D:6      | Noticed Sigmund
  5362 | D:6      | Killed Sigmund
  5426 | D:6      | Found a hide-covered altar of Uskayaw.
  5426 | D:6      | Found a shimmering blue altar of Sif Muna.
  5428 | D:6      | Found an ornate altar of the Wu Jian Council.
  5429 | D:6      | Found a sparkling altar of Nemelex Xobeh.
  5471 | D:6      | Found a runed translucent door.
  5472 | D:6      | Noticed Crazy Yiuf
  5511 | D:6      | Noticed Menkaure
  5517 | D:6      | Killed Menkaure
  5518 | D:6      | Gained mutation: You have a tail ending in a sharp stinger.
                  | [demonic ancestry]
  5518 | D:6      | Reached XP level 8. HP: 36/53 MP: 8/16
  5579 | D:6      | Noticed Prince Ribbit
  5586 | D:6      | Killed Prince Ribbit
  5589 | D:6      | Reached skill level 6 in Spellcasting
  6314 | D:6      | Killed Crazy Yiuf
  6480 | D:7      | Found a snail-covered altar of Cheibriados.
  6533 | D:7      | Reached skill level 7 in Spellcasting
  6537 | D:7      | Reached * piety under Vehumet
  6537 | D:7      | Offered knowledge of Freeze by Vehumet.
  6540 | D:7      | Learned a level 1 spell: Freeze
  6673 | D:7      | Reached XP level 9. HP: 58/58 MP: 15/19
  6824 | D:7      | Found an iron altar of Okawaru.
  6925 | D:7      | Reached skill level 5 in Conjurations
  7177 | D:7      | Noticed a komodo dragon
  7187 | D:7      | Killed a komodo dragon
  7387 | D:7      | Reached skill level 8 in Spellcasting
  7760 | D:8      | Noticed a purple ugly thing
  7769 | D:8      | Killed a purple ugly thing
  8045 | D:8      | Found a viscous altar of Jiyva.
  8346 | D:8      | Killed an unseen horror
  8347 | D:8      | Reached skill level 1 in Fighting
  8347 | D:8      | Gained mutation: When seriously injured, your blood forms
                  | very thick armour. (AC +12) [demonic ancestry]
  8347 | D:8      | Reached XP level 10. HP: 15/65 MP: 12/22
  8527 | D:8      | Reached skill level 9 in Spellcasting
  8639 | D:8      | Reached ** piety under Vehumet
  8640 | D:8      | Offered knowledge of Sandblast by Vehumet.
  8817 | D:8      | Found a shimmering altar of Xom.
  9181 | D:8      | Learned a level 1 spell: Sandblast
  9204 | D:9      | Reached skill level 1 in Ice Magic
  9209 | D:9      | Noticed a cyan ugly thing
  9347 | D:9      | Noticed Grum
  9355 | D:9      | Killed Grum
  9357 | D:9      | Offered knowledge of Dazzling Flash by Vehumet.
  9480 | D:9      | Killed a cyan ugly thing
  9481 | D:9      | Reached skill level 10 in Spellcasting
  9605 | D:9      | Reached *** piety under Vehumet
  9883 | D:9      | Found a staircase to the Lair.
  9930 | D:9      | Noticed Amaemon
  9944 | D:9      | Killed Amaemon
  9945 | D:9      | Gained mutation: You have a sharp stinger which inflicts
                  | weakening toxins. [demonic ancestry]
  9945 | D:9      | Reached XP level 11. HP: 45/72 MP: 0/25
 10037 | D:9      | Found a staircase to the Orcish Mines.
 10042 | D:9      | Offered knowledge of Airstrike by Vehumet.
 10174 | D:9      | Found a broken altar of Ashenzari.
 10175 | D:9      | Found a shadowy altar of Dithmenos.
 10303 | D:9      | Learned a level 4 spell: Airstrike
 10322 | D:10     | Entered Level 10 of the Dungeon
 10323 | D:10     | Found a transporter.
 10348 | D:10     | Found a transporter.
 10729 | D:10     | Reached skill level 11 in Spellcasting
 10832 | D:10     | Noticed Maggie
 10837 | D:10     | Noticed a two-headed ogre
 10841 | D:10     | Killed Maggie
 10846 | D:10     | Killed a two-headed ogre
 10847 | D:10     | Reached skill level 10 in Fire Magic
 11082 | D:10     | HP: 3/72 [poison (dark miasma)]
 11082 | D:10     | Killed from afar by a swamp worm

Illustrated notes

Levels and vault maps discovered:
D:1:      nagdon_arrival_double_spiral, layout_loops_ring,
          chequers_ecumenical_altar_island
D:2:      layout_loops_cross, serial_bayou_crossing
D:3:      layout_basic, kiku_gazebo_pond_becter, uniq_grinder
D:4:      minmay_wonky_spiral, layout_cave_pools,
          nicolae_tso_swordbearing_angel, temple_fountains,
          minmay_misc_feat_secret_circle, lexackson_kobold_supper
D:5:      layout_loops_ring, uniq_blork_the_orc
D:6:      layout_basic, kennysheep_little_box, grunt_temple_overflow_open,
          serial_glass, glass_columns_c, glass_columns_a, glass_columns_a,
          glass_columns_b, glass_columns_a, glass_columns_b, glass_columns_a,
          glass_columns_b, glass_columns_a, glass_columns_b, glass_columns_a,
          glass_columns_b, glass_columns_b, glass_columns_b, serial_shops,
          shop_fountains, amcnicky_mini_pool_small, uniq_menkaure,
          uniq_prince_ribbit1, uniq_crazy_yiuf_cottage, uniq_sigmund
D:7:      layout_cave_pods, mainiacjoe_overflow_brackets, kennysheep_mini_moat,
          minmay_lizard_king
D:8:      wad_cavern_with_rooms, layout_gridville, led_xom_imps, jiyva_altar_1
D:9:      layout_rooms, mainiacjoe_overflow_big_doors,
          due_lair_maze_entry_diamond, david_orc_5, uniq_amaemon, uniq_grum
D:10:     gammafunk_worm_tunnel, layout_cave_pools, old_standard_altar,
          mrwooster_statue_mirror, uniq_maggie
Temple:   hellmonk_temple_micro_hex

Skill      XL: |  1  2  3  4  5  6  7  8  9 10 11 |
---------------+----------------------------------+-----
Fire Magic     | 3 4 5 7 8 9 10 | 10.0
Dodging        | 2 3 |  3.3
Spellcasting   | 3 4 5 7 8 10 11 | 11.2
Conjurations   | 2 3 4 6 7 |  7.4
Maces & Flails | 1 |  1.4
Fighting       | 1 2 |  2.2
Ice Magic      | 2 |  2.0
Stealth        | |  1.7
Evocations     | |  0.2

Action                   |  1- 3 |  4- 6 |  7- 9 | 10-12 || total
-------------------------+-------+-------+-------+-------++-------
Melee: Unarmed           |     6 |       |       |       ||     6
       Mace              |    11 |    32 |     7 |     8 ||    58
       Whip              |     3 |       |       |     3 ||     6
       Tailslap          |     1 |    12 |       |     5 ||    18
 Cast: Foxfire           |    69 |    53 |   165 |   137 ||   424
       Scorch            |     5 |    13 |    37 |    44 ||    99
       Flame Wave        |       |     1 |     4 |    21 ||    26
       Freeze            |       |       |       |    15 ||    15
Evoke: Wand              |       |       |       |     2 ||     2
  Use: Scroll            |       |       |    16 |     1 ||    17
       Potion            |       |       |       |     1 ||     1
 Stab: Paralysed         |     5 |     6 |       |     4 ||    15
Armor: Robe              |     4 |       |     1 |       ||     5
       Steam dragon scal |       |       |    12 |    19 ||    31
Dodge: Dodged            |    16 |     3 |    30 |    64 ||   113

Table legend: (Time is in decaauts)
 A = Elapsed time spent in this place.
 B = Non-inter-level travel time spent in this place.
 C = Inter-level travel time spent in this place.
 D = Time resting spent in this place.
 E = Time spent auto-exploring this place.
 F = Levels seen in this place.
 G = Mean time per level.
                   A        B        C        D        E       F      G
               +--------+--------+--------+--------+--------+-----+--------+
         Total |  11113 |  10836 |    277 |    409 |   8905 |  11 | 1010.3 |
       Dungeon |  11098 |  10829 |    269 |    409 |   8905 |  10 | 1109.8 |
        Temple |     14 |      7 |      7 |      0 |      0 |   1 |   14.0 |
               +--------+--------+--------+--------+--------+-----+--------+

Top non-repeatable levels by time:
     D:8: 1722 daAuts
     D:7: 1352 daAuts
     D:4: 1352 daAuts
     D:6: 1273 daAuts
     D:2: 1017 daAuts
     D:5: 1009 daAuts
     D:1: 944 daAuts
     D:9: 860 daAuts
     D:3: 806 daAuts
    D:10: 758 daAuts
  Temple: 14 daAuts
